AoeStats
← ccereal

Arena

509141150Analyzed
3v3 RM · 7d ago on Sep 25, 2026· 50m 2s· 6 players
Game mode
Random Map
Map size
Normal (6 player)
Population
200
Speed
Normal
Resources
Standard
Victory
Conquest
Starting age
Dark Age
Ending age
Imperial Age
RankedLock teamsTeams togetherTeam positionsShared explorationLock speedFull tech treeHidden civsTurbo modeCheats
Victory
Defeat
🇬🇧 Danes · United Kingdom
1845
+5
🇬🇧 Saxons · United Kingdom
1804
+6
🇬🇧 Varangians · United Kingdom
1768
+8
🇫🇷 Poles · France
1646
-8
🇫🇷 Teutons · France
1559
-6
🇫🇷 Malians · France
1493
-5
Frorok
10:58 Feudal Age
14:55 Castle Age
13:13 Double-Bit Axe
13:10 Horse Collar
17:42 Loom
19:55 Bow Saw
20:53 Wheelbarrow
23:25 Fletching
28:11 Imperial Age
27:17 Scale Barding Armor
27:22 Forging
28:40 Chain Barding Armor
28:40 Heavy Plow
28:59 Bloodlines
28:30 Cavalier
29:53 Conscription
33:40 Crop Rotation
33:44 Devotion
34:14 Gold Mining
34:54 Hand Cart
34:28 Town Watch
35:38 Fortified Wall
36:31 Chemistry
36:36 Plate Barding Armor
37:31 Iron Casting
39:01 Hoardings
38:41 Masonry
40:16 Two-Man Saw
41:23 Siege Engineers
42:32 Padded Archer Armor
42:35 Paladin
44:02 Elite Skirmisher
45:44 Blast Furnace
44:40 Bodkin Arrow
46:50 Leather Archer Armor
46:58 Ballistics
49:53 Ring Archer Armor
ccereal
5:37 Loom
7:55 Feudal Age
9:41 Fletching
10:50 Double-Bit Axe
12:13 Horse Collar
19:35 Castle Age
18:26 Stone Mining
20:12 Wheelbarrow
20:25 Bodkin Arrow
22:22 Bow Saw
26:48 Hand Cart
26:35 Town Watch
32:14 Imperial Age
32:14 Murder Holes
32:59 Padded Archer Armor
33:27 Bracer
34:29 Chemistry
34:01 Leather Archer Armor
33:07 Crossbowman
34:19 Ballistics
34:14 Arbalester
35:56 Heavy Plow
36:23 Conscription
37:07 Masonry
38:16 Fortified Wall
38:41 Crop Rotation
38:01 Gold Mining
41:26 Hoardings
42:04 Stone Shaft Mining
42:06 Coinage
45:03 Banking
49:30 Thumb Ring
Tonymontana
9:44 Feudal Age
15:16 Castle Age
13:59 Double-Bit Axe
13:55 Horse Collar
14:07 Stone Mining
14:31 Loom
17:37 Bow Saw
17:28 Heavy Plow
18:07 Wheelbarrow
19:42 Loom
22:31 Fletching
25:08 Bodkin Arrow
24:40 Crossbowman
28:57 Thumb Ring
45:45 Imperial Age
43:40 Hand Cart
45:58 Ballistics
47:27 Chemistry
45:50 Arbalester
47:12 Conscription
47:54 Padded Archer Armor
47:58 Elite Skirmisher
theMole
10:04 Feudal Age
9:48 Loom
14:42 Castle Age
19:57 Double-Bit Axe
22:19 Bow Saw
23:09 Horse Collar
26:29 Wheelbarrow
26:24 Scale Mail Armor
34:33 Imperial Age
32:06 Fletching
32:50 Bodkin Arrow
33:25 Bloodlines
33:19 Padded Archer Armor
34:30 Ballistics
34:47 Thumb Ring
35:15 Masonry
35:22 Bracer
36:52 Chemistry
37:47 Leather Archer Armor
37:06 Cranequins
37:37 Elite Skirmisher
40:46 Ring Archer Armor
41:01 Conscription
42:07 Heavy Plow
42:49 Heavy Mounted Crossbowman
45:10 Hand Cart
44:54 Capped Ram
45:47 Siege Ram
47:34 Siege Engineers
49:55 Caravan
Ulfaith
10:35 Feudal Age
14:34 Castle Age
12:42 Double-Bit Axe
13:42 Horse Collar
19:57 Scale Barding Armor
20:57 Loom
23:02 Chain Barding Armor
25:01 Bow Saw
25:55 Wheelbarrow
28:28 Hand Cart
28:38 Hand Cart
28:15 Gold Mining
28:32 Heavy Plow
29:35 Bloodlines
33:44 Imperial Age
32:25 Stone Mining
33:05 Forging
32:57 Husbandry
34:29 Stone Shaft Mining
34:32 Iron Casting
34:48 Conscription
35:11 Plate Barding Armor
36:34 Blast Furnace
35:26 Elite Jarl
35:50 Pikeman
36:52 Squires
36:53 Scale Mail Armor
36:36 Halberdier
38:50 Coinage
39:30 Chain Mail Armor
41:57 Fletching
42:40 Plate Mail Armor
43:04 Arson
44:33 Bodkin Arrow
45:40 Chemistry
44:50 Masonry
44:47 Elite Skirmisher
45:28 Bracer
45:29 Padded Archer Armor
48:31 Ballistics
DanMT
11:46 Feudal Age
13:08 Double-Bit Axe
15:43 Castle Age
15:01 Loom
21:32 Imperial Age
19:57 Gold Mining
20:13 Town Watch
21:06 Fletching
21:41 Sanctity
21:33 Clerical Recruitment
23:47 Block Printing
25:36 Theocracy
24:57 Town Watch
26:02 Redemption
32:09 Illumination
35:07 Bow Saw
35:50 Wheelbarrow
36:16 Horse Collar
38:36 Chemistry
38:38 Hand Cart
37:57 Crossbowman
40:01 Thumb Ring
39:26 Arbalester
40:02 Bodkin Arrow
40:43 Padded Archer Armor
41:32 Bracer
41:48 Leather Archer Armor
41:57 Conscription
42:16 Hoardings
42:03 Ballistics
42:16 Heavy Plow
42:42 Caravan
43:14 Coinage
43:37 Stone Mining
44:23 Gold Shaft Mining
44:49 Two-Man Saw
44:28 Ring Archer Armor
44:50 Banking
44:54 Masonry
44:51 Siege Engineers
44:57 Masonry
44:43 Capped Ram
45:59 Guard Tower
45:50 Treadmill Crane
47:07 Fortified Wall
47:30 Architecture
47:38 Keep
46:42 Siege Ram
48:38 Arrowslits
48:29 Shield Wall
49:32 Scale Mail Armor
49:43 Forging
49:35 Squires
49:23 Arson
49:16 Elite Hearth Troop
Connection lost

Rejoining the realm…

Still unreachable

The connection could not be restored.

Session expired

The server has moved on; the page needs a fresh start.